[Event "FIDE World Rapid Chess Championship 2021"]
[White "Heimann, Andreas"]
[Black "Martirosyan, Haik M."]
[WhiteFideId "24624632"]
[BlackFideId "13306553"]
[WhiteElo "2616"]
[BlackElo "2377"]
[Result "0-1"]
[Round "11"]
[TimeControl "900+10"]
[Date "2021.12.28"]
[WhiteClock "0:00:37"]
[BlackClock "0:01:05"]

1. d4 Nf6 2. c4 e6 3. Nf3 b6 4. g3 Ba6 5. b3 Bb4+ 6. Bd2 Be7 7. Nc3 d5 8. cxd5 exd5 9. Bg2 O-O 10. O-O Re8 11. Ne5 Bb7 12. Bc1 Nbd7 13. Bb2 Nf8 14. e3 Ne6 15. Rc1 c6 16. Ne2 Rc8 17. Bh3 Rc7 18. Qd3 Bd6 19. Bg2 Qc8 20. Rfd1 Ba6 21. Qd2 c5 22. Nf4 Nxf4 23. exf4 c4 24. bxc4 Bxc4 25. Nxc4 Rxc4 26. Qd3 b5 27. Qb3 Qd7 28. Bf1 Bf8 29. Bxc4 dxc4 30. Qf3 Nd5 31. Re1 Rd8 32. a3 f6 33. f5 Rc8 34. Rc2 a5 35. Rec1 Nb6 36. d5 Qxd5 37. Qg4 Qf7 38. Re1 Na4 39. Bd4 c3 40. Re6 Rc4 41. Qe4 Qd7 42. Re8 Rxd4 43. Qe6+ Qxe6 44. fxe6 Re4 45. f3 Re5 46. Kf2 Nc5 47. Rxc3 Nxe6 48. f4 Rc5 49. Re3 Nc7 50. Rc8 Nd5 51. Ree8 Rxc8 52. Rxc8 Kf7 53. Rb8 Nc3 54. Rc8 Ne4+ 55. Ke3 Nd6 56. Rc7+ Ke6 57. Kd4 Nf5+ 58. Ke4 Bxa3 0-1


[Site "http://www.Chess.com"]

[Event "FIDE World Rapid Chess Championship 2021"]
[White "Efimenko, Zahar"]
[Black "Sankalp, Gupta"]
[WhiteFideId "14107201"]
[BlackFideId "5097010"]
[WhiteElo "2609"]
[BlackElo "2266"]
[Result "1-0"]
[Round "11"]
[TimeControl "900+10"]
[Date "2021.12.28"]
[WhiteClock "0:00:52"]
[BlackClock "0:00:00"]

1. Nf3 d5 2. g3 c5 3. Bg2 Nf6 4. O-O e6 5. b3 Be7 6. c4 d4 7. e3 Nc6 8. exd4 cxd4 9. d3 O-O 10. Qe2 Nd7 11. Ba3 e5 12. Bxe7 Qxe7 13. Re1 f5 14. Nbd2 a5 15. Nh4 Nb4 16. Ndf3 g5 17. Nxf5 Rxf5 18. Nxd4 Rf6 19. a3 Na6 20. Bd5+ Kg7 21. Nb5 Nb6 22. Qxe5 Qxe5 23. Rxe5 Nxd5 24. Rxg5+ Kf7 25. Rxd5 Be6 26. Re5 Bd7 27. d4 Re8 28. f4 Bxb5 29. cxb5 Nc7 30. Rc1 Ne6 31. d5 Nd8 32. Rc7+ Kf8 33. Kg2 h6 34. a4 Rd6 35. Rf5+ Kg8 36. Kf3 b6 37. g4 Re1 38. g5 hxg5 39. fxg5 Rf1+ 40. Kg4 Rxf5 41. Kxf5 Rxd5+ 42. Kf6 Rd6+ 43. Ke7 Nf7 44. Rc8+ Kg7 45. Rf8 Nxg5 46. Kxd6 Kxf8 47. Kc6 Ke7 48. Kxb6 Kd7 49. Ka7 1-0


[Site "http://www.Chess.com"]

[Event "FIDE World Rapid Chess Championship 2021"]
[White "Petrosyan, Manuel"]
[Black "Adly, Ahmed"]
[WhiteFideId "13300857"]
[BlackFideId "10601619"]
[WhiteElo "2514"]
[BlackElo "2597"]
[Result "1/2-1/2"]
[Round "11"]
[TimeControl "900+10"]
[Date "2021.12.28"]
[WhiteClock "0:01:03"]
[BlackClock "0:00:17"]

1. d4 Nf6 2. Nf3 e6 3. c4 Bb4+ 4. Nbd2 O-O 5. g3 b6 6. Bg2 Bb7 7. O-O d5 8. b3 c5 9. Bb2 Nc6 10. Rc1 Rc8 11. cxd5 Nxd5 12. a3 Bxd2 13. Qxd2 Na5 14. Qd3 Nf6 15. Nd2 Bxg2 16. Kxg2 cxd4 17. Bxd4 Nc6 18. Bxf6 Qxd3 19. exd3 gxf6 20. Ne4 Nd4 21. Nxf6+ Kg7 22. Nh5+ Kh6 23. Nf4 Nxb3 24. Rce1 Rc3 25. Re5 Rd8 26. Rh5+ Kg7 27. Rg5+ Kf6 28. Rh5 Nc5 29. Rxh7 Nxd3 30. Nxd3 Rcxd3 31. Rc1 Kg6 32. Rh4 Rxa3 33. Rc7 Rd5 34. Rg4+ Kf6 35. Rf4+ Rf5 36. Rxf5+ exf5 37. h4 b5 38. Rb7 a6 39. Rb6+ Kg7 40. h5 Ra4 41. h6+ Kh7 42. Kh3 Kg8 43. Rb8+ Kh7 44. Rb6 b4 45. Kh4 f4 46. g4 f3 47. g5 Ra2 48. Rb7 Kg6 49. Rb6+ Kh7 50. Rb7 Kg6 51. Rb6+ 1/2-1/2


[Site "http://www.Chess.com"]

[Event "FIDE World Rapid Chess Championship 2021"]
[White "Fridman, Daniel"]
[Black "Timofeev, Artyom"]
[WhiteFideId "11600454"]
[BlackFideId "4140419"]
[WhiteElo "2542"]
[BlackElo "2591"]
[Result "1/2-1/2"]
[Round "11"]
[TimeControl "900+10"]
[Date "2021.12.28"]
[WhiteClock "0:01:13"]
[BlackClock "0:00:55"]

1. d4 d5 2. c4 dxc4 3. e3 Nf6 4. Bxc4 e6 5. Nf3 c5 6. O-O a6 7. dxc5 Bxc5 8. Qxd8+ Kxd8 9. Be2 Ke7 10. Ne5 Bd7 11. Bf3 Nc6 12. Nxd7 Nxd7 13. Bxc6 bxc6 14. b3 a5 15. Bb2 f6 16. Nc3 Rhb8 17. Ne4 Bb4 18. Rac1 Ra6 19. Rfd1 f5 20. Ng5 h6 21. Nf3 g5 22. Rc4 g4 23. Nh4 Rg8 24. e4 f4 25. e5 f3 26. gxf3 gxf3+ 27. Kf1 Ke8 28. Nxf3 Be7 29. Bc1 h5 30. h4 Rf8 31. Rc3 c5 32. Bg5 Rf5 33. Bxe7 Kxe7 34. Re3 a4 35. Rd2 axb3 36. Rxb3 Nxe5 37. Rb7+ Kf6 38. Ng5 Rf4 39. Re2 Kf5 40. Rh7 Ng6 41. Rxh5 Rxh4 42. Rxh4 Nxh4 43. Nf7 Nf3 44. Rc2 Kf6 45. Nd8 c4 46. Rc3 Nd2+ 47. Ke1 Rxa2 48. Nc6 e5 49. Nb4 Rb2 50. Nc2 Ne4 51. Rxc4 Nd6 52. Rc6 Ke6 53. Ne3 Rb1+ 54. Ke2 Kd7 55. Rc5 Ke6 1/2-1/2


[Site "http://www.Chess.com"]

[Event "FIDE World Rapid Chess Championship 2021"]
[White "Quparadze, Giga"]
[Black "Narayanan.S.L, "]
[WhiteFideId "13602250"]
[BlackFideId "5058422"]
[WhiteElo "2583"]
[BlackElo "2482"]
[Result "0-1"]
[Round "11"]
[TimeControl "900+10"]
[Date "2021.12.28"]
[WhiteClock "0:03:17"]
[BlackClock "0:00:48"]

1. e4 c5 2. Nf3 e6 3. d4 cxd4 4. Nxd4 Nf6 5. Nc3 Nc6 6. Ndb5 d6 7. Bf4 e5 8. Bg5 a6 9. Na3 b5 10. Nd5 Be7 11. Bxf6 Bxf6 12. c3 Rb8 13. Nc2 Bg5 14. g3 O-O 15. Bg2 a5 16. a3 Ne7 17. Nce3 Bxe3 18. Nxe3 Be6 19. O-O Qc7 20. Re1 Rfd8 21. Re2 b4 22. cxb4 axb4 23. Rd2 Nc6 24. Rc1 Qd7 25. Bf1 Nd4 26. Bc4 bxa3 27. bxa3 Bxc4 28. Nxc4 Rdc8 29. Rd3 Qc6 30. Re3 h6 31. Kg2 d5 32. Nxe5 Qxc1 33. Qxd4 Rb1 34. Qxd5 Rf8 35. Ng6 Qf1+ 36. Kf3 Rb2 37. Kg4 h5+ 38. Kh4 Rb5 39. Qa2 Re8 40. e5 Qd1 41. Re4 Rbxe5 42. Rf4 Rf5 43. Kh3 Qd7 44. Kg2 Qc6+ 0-1


[Site "http://www.Chess.com"]

[Event "FIDE World Rapid Chess Championship 2021"]
[White "Kovalev, Vladislav"]
[Black "Donchenko, Alexander"]
[WhiteFideId "13504398"]
[BlackFideId "24603295"]
[WhiteElo "2647"]
[BlackElo "2535"]
[Result "0-1"]
[Round "11"]
[TimeControl "900+10"]
[Date "2021.12.28"]
[WhiteClock "0:01:10"]
[BlackClock "0:01:07"]

1. e4 c5 2. Nf3 d6 3. Bb5+ Nd7 4. O-O a6 5. Bd3 Ngf6 6. Re1 e6 7. Bf1 b6 8. d4 cxd4 9. Nxd4 Bb7 10. f3 Be7 11. c4 O-O 12. Nc3 Qc7 13. Qd2 Rac8 14. b3 b5 15. cxb5 Qxc3 16. Qxc3 Rxc3 17. bxa6 Ba8 18. Ba3 Re8 19. Rec1 Rxc1 20. Rxc1 Bd8 21. Nb5 Bb6+ 22. Kh1 d5 23. Nd6 Rb8 24. Nc8 Bc5 25. Ne7+ Bxe7 26. Bxe7 dxe4 27. Rc7 Nb6 28. fxe4 Nxe4 29. Bb5 h5 30. a4 Kh7 31. Ba3 Kg6 32. h4 Nd5 33. Rc1 Ne3 34. a7 Rb7 35. Re1 Ng4 36. Kg1 Rxa7 37. Bd3 f5 38. Bc4 Bd5 39. Bxd5 exd5 40. Rd1 Ne3 41. Rd3 f4 42. Bc1 Rc7 43. Bxe3 fxe3 44. Rxe3 Kf5 45. a5 Rc1+ 46. Kh2 d4 47. Rd3 Ke5 48. b4 Rb1 49. a6 Rxb4 50. Ra3 Rb8 51. Ra5+ Kf4 52. Rxh5 d3 53. Rd5 Ke3 0-1


[Site "http://www.Chess.com"]

[Event "FIDE World Rapid Chess Championship 2021"]
[White "Antipov, Mikhail Al."]
[Black "Gabuzyan, Hovhannes"]
[WhiteFideId "4107012"]
[BlackFideId "13303732"]
[WhiteElo "2644"]
[BlackElo "2535"]
[Result "1-0"]
[Round "11"]
[TimeControl "900+10"]
[Date "2021.12.28"]
[WhiteClock "0:06:14"]
[BlackClock "0:11:47"]

1. e4 c5 2. Nf3 d6 3. d4 cxd4 4. Nxd4 Nf6 5. Nc3 a6 6. Be3 e5 7. Nb3 Be6 8. f3 Be7 9. Qd2 O-O 10. O-O-O Nbd7 11. g4 b5 12. g5 Nh5 13. a3 f6 14. h4 fxg5 15. hxg5 Ng3 16. Bh3 Bxb3 17. cxb3 Nxh1 18. Be6+ Kh8 19. Rxh1 Rxf3 20. Bg4 Qf8 21. Rxh7+ Kxh7 22. Qh2+ Kg8 23. g6 Rf1+ 24. Kc2 1-0


[Site "http://www.Chess.com"]

[Event "FIDE World Rapid Chess Championship 2021"]
[White "Gumularz, Szymon"]
[Black "Sjugirov, Sanan"]
[WhiteFideId "1188062"]
[BlackFideId "4189302"]
[WhiteElo "2452"]
[BlackElo "2634"]
[Result "1-0"]
[Round "11"]
[TimeControl "900+10"]
[Date "2021.12.28"]
[WhiteClock "0:01:24"]
[BlackClock "0:00:13"]

1. e4 c5 2. Nf3 d6 3. Bb5+ Nd7 4. a4 Nf6 5. Nc3 a6 6. Be2 b6 7. d4 cxd4 8. Qxd4 Bb7 9. O-O e6 10. Rd1 Be7 11. e5 dxe5 12. Nxe5 Nxe5 13. Qxe5 Qc8 14. Qg3 O-O 15. Bh6 Ne8 16. Bf4 Nf6 17. Bh6 Ne8 18. Rd4 Kh8 19. Rc4 Qb8 20. Bf4 Bd6 21. Rd1 e5 22. Be3 f5 23. Bxb6 e4 24. Qh3 Nf6 25. Rcd4 Be7 26. Qxf5 Nd5 27. Qd7 Nxc3 28. bxc3 Bf6 29. Rc4 Bc8 30. Qd6 Bf5 31. Qxb8 Raxb8 32. a5 h6 33. Rc5 Bc8 34. h3 Bb7 35. Rd7 e3 36. fxe3 Bh4 37. Rcc7 Bxg2 38. Rxg7 Be4 39. Rg4 Bf2+ 40. Kh2 1-0


[Site "http://www.Chess.com"]

[Event "FIDE World Rapid Chess Championship 2021"]
[White "Vidit, Santosh Gujrathi"]
[Black "Mastrovasilis, Dimitrios"]
[WhiteFideId "5029465"]
[BlackFideId "4202694"]
[WhiteElo "2629"]
[BlackElo "2534"]
[Result "1/2-1/2"]
[Round "11"]
[TimeControl "900+10"]
[Date "2021.12.28"]
[WhiteClock "0:00:52"]
[BlackClock "0:00:16"]

1. e4 e5 2. Nf3 Nc6 3. Bc4 Nf6 4. d3 Be7 5. O-O O-O 6. Re1 d6 7. a4 h6 8. h3 Nh7 9. Nc3 Ng5 10. Nd5 Nxf3+ 11. Qxf3 Nd4 12. Qd1 Bg5 13. c3 Ne6 14. Bxg5 Qxg5 15. g3 c6 16. h4 Qd8 17. Ne3 Nc7 18. Qh5 Be6 19. Rad1 Qf6 20. d4 exd4 21. cxd4 Bxc4 22. Nxc4 Rad8 23. b3 Ne6 24. Qf5 Qe7 25. d5 Nc5 26. Re3 Rfe8 27. Rde1 Qd7 28. Qh5 Re7 29. dxc6 Qxc6 30. Qd5 Qxd5 31. exd5 Rxe3 32. Rxe3 Kf8 33. h5 Na6 34. Na5 Rd7 35. Re4 Nc5 36. Re3 Re7 37. Rc3 Re4 38. Nc4 Ke7 39. Kg2 Kd7 40. Rf3 Ke7 41. Rc3 Rd4 42. Re3+ Kd7 43. Rf3 Ke7 44. Re3+ Kd7 45. Rf3 1/2-1/2


[Site "http://www.Chess.com"]

[Event "FIDE World Rapid Chess Championship 2021"]
[White "Halkias, Stelios"]
[Black "Pichot, Alan"]
[WhiteFideId "4201809"]
[BlackFideId "110973"]
[WhiteElo "2576"]
[BlackElo "2523"]
[Result "1-0"]
[Round "11"]
[TimeControl "900+10"]
[Date "2021.12.28"]
[WhiteClock "0:01:10"]
[BlackClock "0:01:21"]

1. Nf3 d5 2. d4 Nf6 3. c4 dxc4 4. e3 e6 5. Bxc4 a6 6. O-O c5 7. e4 Nxe4 8. Qe2 Nf6 9. d5 Nxd5 10. Rd1 Be7 11. Nc3 Nc6 12. Nxd5 exd5 13. Rxd5 Qc7 14. Ng5 O-O 15. Nxh7 Kxh7 16. Qd3+ f5 17. Qh3+ Kg6 18. g4 Kf6 19. Qh4+ Kf7 20. Qh5+ g6 21. Rd6+ Be6 22. Bxe6+ Kf6 23. Qg5+ Kg7 24. Qh6+ Kf6 25. Bg5+ Ke5 26. Bf4+ Ke4 27. Re1+ 1-0


[Site "http://www.Chess.com"]

[Event "FIDE World Rapid Chess Championship 2021"]
[White "Vakhidov, Jakhongir"]
[Black "Yuffa, Daniil"]
[WhiteFideId "14201801"]
[BlackFideId "24131423"]
[WhiteElo "2566"]
[BlackElo "2514"]
[Result "1-0"]
[Round "11"]
[TimeControl "900+10"]
[Date "2021.12.28"]
[WhiteClock "0:02:40"]
[BlackClock "0:00:37"]

1. c4 g6 2. Nc3 Bg7 3. Nf3 Nf6 4. g3 O-O 5. Bg2 d6 6. d4 Nbd7 7. O-O e5 8. e4 Re8 9. h3 exd4 10. Nxd4 Nc5 11. Re1 Bd7 12. Rb1 a5 13. b3 Qc8 14. Kh2 Re5 15. f3 Rh5 16. h4 h6 17. Kg1 Re5 18. Be3 Qd8 19. Qd2 Kh7 20. Nde2 Re8 21. Rbd1 Ne6 22. Qc2 a4 23. b4 a3 24. Bf2 b6 25. Nb5 Qc8 26. Rd3 Ra6 27. Red1 Bc6 28. Nec3 Nd7 29. f4 Nf6 30. e5 Bxg2 31. exf6 Ba8 32. fxg7 Nxg7 33. Nd5 Nh5 34. Nbxc7 Re4 35. Nxa8 Rxa8 36. Re3 Rxc4 37. Qb3 Qg4 38. Qxc4 Qxd1+ 39. Re1 Qg4 40. Nf6+ Nxf6 41. Qxf7+ 1-0


[Site "http://www.Chess.com"]

[Event "FIDE World Rapid Chess Championship 2021"]
[White "Murzin, Volodar"]
[Black "Socko, Bartosz"]
[WhiteFideId "44155573"]
[BlackFideId "1107038"]
[WhiteElo "2523"]
[BlackElo "2562"]
[Result "0-1"]
[Round "11"]
[TimeControl "900+10"]
[Date "2021.12.28"]
[WhiteClock "0:00:36"]
[BlackClock "0:03:50"]

1. e4 c6 2. Nf3 d5 3. d3 g6 4. e5 c5 5. c3 Bg4 6. Nbd2 Nc6 7. h3 Bxf3 8. Nxf3 e6 9. d4 cxd4 10. cxd4 Bb4+ 11. Bd2 Qb6 12. a3 Bxd2+ 13. Qxd2 Nge7 14. Be2 O-O 15. O-O f6 16. exf6 Rxf6 17. b4 Raf8 18. Rfd1 Nf5 19. b5 Na5 20. Qb4 Nd6 21. Rac1 Nac4 22. a4 a6 23. Qc5 Qd8 24. bxa6 bxa6 25. Qb4 a5 26. Qe1 Kg7 27. Rc2 Qe8 28. Ra2 Rf4 29. Rb1 Qe7 30. Qd1 Ne4 31. Rb3 Ng5 32. Nxg5 Qxg5 33. Rb7+ Kg8 34. Bg4 Qf6 35. Re2 Rxf2 36. Bxe6+ Kh8 37. Rxf2 Qxf2+ 38. Kh1 Ne3 39. Qg1 Qf4 40. Rb3 Nf1 41. Rf3 Ng3+ 42. Kh2 Qd6 43. Rxf8+ Qxf8 44. Qe1 Ne4 45. Kh1 Qd6 46. Bg4 Qb4 47. Qh4 Kg7 48. Bf3 g5 0-1


[Site "http://www.Chess.com"]

[Event "FIDE World Rapid Chess Championship 2021"]
[White "Corrales Jimenez, Fidel"]
[Black "Czarnota, Pawel"]
[WhiteFideId "3506690"]
[BlackFideId "1121219"]
[WhiteElo "2561"]
[BlackElo "2511"]
[Result "0-1"]
[Round "11"]
[TimeControl "900+10"]
[Date "2021.12.28"]
[WhiteClock "0:00:36"]
[BlackClock "0:06:10"]

1. e4 c5 2. Nf3 d6 3. d4 cxd4 4. Nxd4 Nf6 5. Nc3 Nc6 6. Bg5 e6 7. Qd2 a6 8. O-O-O Bd7 9. Nxc6 Bxc6 10. Bd3 Be7 11. f3 h6 12. Be3 h5 13. h4 b5 14. Kb1 Qc7 15. Bg5 Rb8 16. Rhe1 b4 17. Ne2 a5 18. Nd4 Bd7 19. f4 e5 20. Nf5 Bxf5 21. exf5 O-O 22. Qe2 Ng4 23. fxe5 dxe5 24. Rf1 Bf6 25. Be4 Qe7 26. Bc1 a4 27. Rf3 Rfc8 28. g3 Qc5 29. Rfd3 Rc7 30. Rd5 Qa7 31. R1d2 b3 32. Rb5 bxa2+ 33. Kxa2 Rbc8 34. Rdd5 Qg1 35. Bd2 a3 36. Ba5 axb2 37. Kxb2 Rc4 38. Rb3 Ra4 39. Rd1 Qa7 40. Bb6 Ra2+ 41. Kc1 Qa4 42. Qf3 Rc4 43. Re1 0-1


[Site "http://www.Chess.com"]

[Event "FIDE World Rapid Chess Championship 2021"]
[White "Parligras, Mircea-Emilian"]
[Black "Muradli, Mahammad"]
[WhiteFideId "1204297"]
[BlackFideId "13409301"]
[WhiteElo "2550"]
[BlackElo "2285"]
[Result "0-1"]
[Round "11"]
[TimeControl "900+10"]
[Date "2021.12.28"]
[WhiteClock "0:00:21"]
[BlackClock "0:00:30"]

1. d4 d6 2. e4 g6 3. Nf3 Bg7 4. Bc4 Nf6 5. Qe2 O-O 6. O-O c6 7. Nbd2 d5 8. Bb3 dxe4 9. Nxe4 Nbd7 10. Re1 Nd5 11. c3 a5 12. a3 N7f6 13. h3 b6 14. Ne5 Bb7 15. Ng5 a4 16. Ba2 b5 17. Bd2 Qd6 18. Nd3 Bc8 19. Rad1 Bf5 20. Nc5 Rfe8 21. Nf3 Nd7 22. g4 Bc2 23. Rc1 Bb3 24. Nxb3 axb3 25. Bxb3 e5 26. dxe5 Nxe5 27. Nxe5 Bxe5 28. Qf3 Re6 29. Bh6 Rae8 30. Rcd1 Qe7 31. Bxd5 cxd5 32. Kg2 Bc7 33. Rxe6 fxe6 34. Re1 Qd6 35. Kf1 e5 36. Rd1 e4 37. Qe3 Bb6 38. Qg3 Qc6 39. Be3 Bc7 40. Qh4 Bd8 41. Qh6 Rf8 42. Bd4 Rf7 43. Re1 Bc7 44. Qg5 Qe6 45. Qd2 Rf3 46. Kg2 Bf4 47. Qe2 h5 48. Rg1 hxg4 49. hxg4 Qxg4+ 50. Kf1 Qh3+ 51. Ke1 Qh2 52. Rxg6+ Kh7 53. Rg7+ Kh6 54. Qxb5 Rd3 55. Qc6+ Bd6 56. Rh7+ Kxh7 57. Qd7+ Kg6 58. Qe6+ Kh5 59. Qxd5+ Kh6 60. Qe6+ Kh5 61. Qf5+ Kh6 62. Qf6+ Kh5 63. Qf7+ Kg4 64. Qg6+ Kf3 65. Qf5+ Bf4 0-1


[Site "http://www.Chess.com"]

[Event "FIDE World Rapid Chess Championship 2021"]
[White "Kosakowski, Jakub"]
[Black "Demidov, Mikhail"]
[WhiteFideId "1185080"]
[BlackFideId "4197143"]
[WhiteElo "2304"]
[BlackElo "2544"]
[Result "0-1"]
[Round "11"]
[TimeControl "900+10"]
[Date "2021.12.28"]
[WhiteClock "0:00:21"]
[BlackClock "0:00:30"]

1. e4 g6 2. d4 Bg7 3. Nf3 d6 4. Bc4 Nc6 5. h3 Nf6 6. Qe2 O-O 7. O-O e5 8. dxe5 Nxe5 9. Nxe5 dxe5 10. Nc3 c6 11. a4 Nh5 12. Be3 Nf4 13. Qf3 Be6 14. Rfd1 Qc7 15. Bb3 Bxb3 16. cxb3 Ne6 17. Qe2 Rfd8 18. Qc4 a6 19. Rxd8+ Rxd8 20. a5 Qe7 21. Na4 Bf8 22. Nb6 Qd6 23. Qc3 Qd3 24. Nc4 Qxe4 25. Qxe5 Qc2 26. Qc3 Qxc3 27. bxc3 Bg7 28. Rc1 Rd3 29. Kf1 Rxc3 30. Rd1 Rxb3 31. Rd7 Rb5 32. Bb6 h5 33. Rxb7 Nf4 34. Kg1 Nd5 35. Rb8+ Kh7 36. Rc8 Nb4 37. Rc7 Kg8 38. Rc8+ Kh7 39. Rc7 Rf5 40. Nd6 Be5 41. Rxf7+ Rxf7 42. Nxf7 Bf6 43. Nd6 Kg7 44. Kf1 Be5 45. Ne4 Kf7 46. Bc5 Nd3 47. Ke2 Nc1+ 48. Kf3 Nb3 49. Bb6 Ke6 50. Ke3 Kd5 51. f4 Bb2 52. g4 h4 53. Ng5 Bc1+ 54. Kf3 c5 55. Bc7 Nd4+ 56. Kf2 c4 57. Be5 c3 58. Bxd4 Kxd4 59. Ke2 Kc4 60. Kd1 Bxf4 61. Nf3 Kb3 62. Nd4+ Kb2 63. Nc2 Bd6 64. Ne3 Bc5 65. Nc2 Kb3 66. Kc1 Kc4 67. Ne1 Kb3 68. Nc2 g5 69. Ne1 Ba3+ 70. Kb1 Bb4 71. Kc1 Bxa5 72. Nc2 Bb6 73. Kb1 a5 74. Na1+ Kc4 0-1


[Site "http://www.Chess.com"]

[Event "FIDE World Rapid Chess Championship 2021"]
[White "Samunenkov, Ihor"]
[Black "Indjic, Aleksandar"]
[WhiteFideId "14187086"]
[BlackFideId "911925"]
[WhiteElo "2259"]
[BlackElo "2544"]
[Result "1/2-1/2"]
[Round "11"]
[TimeControl "900+10"]
[Date "2021.12.28"]
[WhiteClock "0:00:27"]
[BlackClock "0:01:31"]

1. d4 Nf6 2. g3 c5 3. d5 g6 4. Bg2 d6 5. a4 Bg7 6. e4 O-O 7. Ne2 e6 8. dxe6 Bxe6 9. O-O d5 10. Nf4 Nxe4 11. Nxe6 fxe6 12. Bxe4 dxe4 13. Qe2 Nc6 14. Nd2 Nd4 15. Qxe4 Qd5 16. c3 Nc6 17. Qxd5 exd5 18. Nb3 b6 19. Bf4 Rfe8 20. Rae1 Kf7 21. Kg2 Bf6 22. h4 Kg7 23. Rxe8 Rxe8 24. Rd1 Rd8 25. Kf3 h6 26. Kg4 Be5 27. Kf3 Bxf4 28. Kxf4 Kf6 29. Nd2 g5+ 30. hxg5+ hxg5+ 31. Kf3 Ne5+ 32. Kg2 g4 33. b3 d4 34. c4 Rh8 35. Re1 Kf5 36. Re4 Rh5 37. Rf4+ Ke6 38. Rf8 Rf5 39. Rxf5 Kxf5 40. Kf1 Nf3 41. Nxf3 gxf3 42. Ke1 Kg4 43. Kd1 Kh3 44. Kd2 a6 45. Kd1 Kg2 46. Ke1 Kh3 47. Kd2 Kg4 48. Kd3 Kf5 49. Kd2 Ke4 50. Kc2 Ke5 51. Kd3 Kf5 52. Kd2 Kg4 53. Kd1 Kh3 54. Kd2 Kg2 55. Ke1 Kh3 56. Kd2 Kg4 57. Kd3 Kf5 58. Kd2 Ke4 59. Kc2 Ke5 60. Kd3 Kf5 61. Kd2 Kg4 62. Ke1 Kh3 63. Kd2 1/2-1/2


[Site "http://www.Chess.com"]

[Event "FIDE World Rapid Chess Championship 2021"]
[White "Holm, Kristian Stuvik"]
[Black "Tari, Aryan"]
[WhiteFideId "1508083"]
[BlackFideId "1510045"]
[WhiteElo "2409"]
[BlackElo "2542"]
[Result "0-1"]
[Round "11"]
[TimeControl "900+10"]
[Date "2021.12.28"]
[WhiteClock "0:01:27"]
[BlackClock "0:04:04"]

1. d4 d5 2. c4 e6 3. Nc3 c5 4. cxd5 cxd4 5. Qa4+ Bd7 6. Qxd4 exd5 7. Qxd5 Nf6 8. Qb3 Na6 9. Nf3 Nc5 10. Qc2 Rc8 11. e3 Bd6 12. Be2 O-O 13. O-O Qe7 14. Rd1 a6 15. Bd2 b5 16. a3 g6 17. Nd4 Nfe4 18. Be1 Nxc3 19. Qxc3 Be5 20. Bf3 Qh4 21. h3 Qf6 22. b4 Ne6 23. Qd3 Rfd8 24. Rac1 Rxc1 25. Rxc1 Nxd4 26. exd4 Qf4 27. Bd2 Qh2+ 28. Kf1 Bf5 29. Qb3 Bxd4 30. Bd5 Rxd5 31. Rc8+ Kg7 32. Bh6+ Kxh6 33. Qxd5 Bxc8 34. Qxd4 Qh1+ 35. Ke2 Qxg2 36. Qh4+ Kg7 37. Qd4+ f6 0-1


[Site "http://www.Chess.com"]

[Event "FIDE World Rapid Chess Championship 2021"]
[White "Suleymanli, Aydin"]
[Black "Smirin, Ilia"]
[WhiteFideId "13413937"]
[BlackFideId "2801990"]
[WhiteElo "2202"]
[BlackElo "2663"]
[Result "1-0"]
[Round "11"]
[TimeControl "900+10"]
[Date "2021.12.28"]
[WhiteClock "0:00:41"]
[BlackClock "0:00:45"]

1. d4 Nf6 2. c4 g6 3. Nc3 Bg7 4. e4 d6 5. h3 Nbd7 6. Be3 e5 7. d5 Nc5 8. Qc2 O-O 9. b4 Na6 10. a3 c6 11. g4 cxd5 12. cxd5 Bd7 13. Nge2 h5 14. f3 Nh7 15. Rg1 Ng5 16. Bg2 h4 17. Qd2 Nh7 18. O-O-O Nc7 19. Kb2 a5 20. Ra1 Na6 21. Kb3 Kh8 22. Rgc1 Bf6 23. Ra2 Bg5 24. f4 exf4 25. Bd4+ Kg8 26. Nxf4 Bf6 27. Rf1 Rc8 28. Bxf6 Qxf6 29. Rc2 axb4 30. axb4 Qd8 31. Qe3 Re8 32. Nd3 Nc7 33. Rfc1 Nb5 34. Nxb5 Rxc2 35. Rxc2 Bxb5 36. Nb2 Nf6 37. Qg5 Kg7 38. Rf2 Qe7 39. Qf4 Nd7 40. Qe3 Ne5 41. Rc2 Ra8 42. Qb6 Qe8 43. Rc7 Qd8 44. Qxb7 Ba6 45. Qb6 Rb8 46. Qa5 Rb7 47. Rxb7 Qxa5 48. bxa5 Bxb7 49. Nc4 Nxc4 50. Kxc4 Ba6+ 51. Kd4 f6 52. g5 Kf7 53. gxf6 Kxf6 54. e5+ Ke7 55. Be4 g5 56. Bf5 Be2 57. Ke3 Bc4 58. Ke4 Bf1 59. Bg4 Bg2+ 60. Kf5 Bxd5 61. exd6+ Kxd6 62. Kxg5 Kc5 63. Kxh4 Bg2 64. a6 Kb6 65. Be2 1-0


[Site "http://www.Chess.com"]

[Event "FIDE World Rapid Chess Championship 2021"]
[White "Mamedov, Rauf"]
[Black "Kantor, Gergely"]
[WhiteFideId "13401653"]
[BlackFideId "751499"]
[WhiteElo "2690"]
[BlackElo "2454"]
[Result "1-0"]
[Round "11"]
[TimeControl "900+10"]
[Date "2021.12.28"]
[WhiteClock "0:09:52"]
[BlackClock "0:08:25"]

1. e4 e5 2. Nf3 Nc6 3. Bc4 Nf6 4. d3 Bc5 5. c3 d6 6. Nbd2 a5 7. Nf1 O-O 8. Ng3 Be6 9. Bb5 Ba7 10. O-O Ne7 11. d4 Ng6 12. h3 exd4 13. cxd4 d5 14. e5 Ne4 15. Bd3 f5 16. exf6 Nxf6 17. Ng5 Qd7 18. Re1 Ne4 19. N3xe4 dxe4 20. Qh5 h6 21. Nxe6 Qxe6 22. Bxe4 Kh7 23. Bxh6 gxh6 24. Bxg6+ Qxg6 25. Re7+ Qg7 26. Rxg7+ Kxg7 27. Re1 Rf7 28. Re6 1-0


[Site "http://www.Chess.com"]

[Event "FIDE World Rapid Chess Championship 2021"]
[White "Erdos, Viktor"]
[Black "Sadhwani, Raunak"]
[WhiteFideId "719978"]
[BlackFideId "35093487"]
[WhiteElo "2601"]
[BlackElo "2454"]
[Result "0-1"]
[Round "11"]
[TimeControl "900+10"]
[Date "2021.12.28"]
[WhiteClock "0:00:29"]
[BlackClock "0:05:33"]

1. e4 e5 2. Nf3 Nc6 3. Bc4 d6 4. d4 exd4 5. Nxd4 Nf6 6. Nc3 Be7 7. O-O O-O 8. Re1 Re8 9. h3 Nxd4 10. Qxd4 Nd7 11. Nd5 Bh4 12. Bf1 Ne5 13. Qd1 c6 14. Nf4 Ng6 15. g3 Bg5 16. Nxg6 Bxc1 17. Rxc1 hxg6 18. Qd4 Be6 19. Rcd1 Qa5 20. a3 Rad8 21. Bg2 g5 22. Re3 a6 23. Red3 Rd7 24. Qb4 Qxb4 25. axb4 Red8 26. f4 f6 27. Kf2 Kf8 28. h4 gxf4 29. gxf4 Ke7 30. Rg3 Kf8 31. Rgd3 Ke7 32. Rg3 Rg8 33. h5 Kf8 34. Bf3 Rh8 35. Rh1 Bf7 36. Ke3 Re7 37. Kd4 Rh6 38. b3 Rc7 39. Kd3 Re7 40. Kd4 Rc7 41. Kd3 c5 42. bxc5 dxc5 43. Ke3 a5 44. c4 b6 45. e5 Re7 46. Ke4 Be8 47. Rhh3 Bc6+ 48. Kd3 fxe5 49. fxe5 Rxe5 50. Bxc6 Rxc6 51. Re3 0-1


[Site "http://www.Chess.com"]

[Event "FIDE World Rapid Chess Championship 2021"]
[White "Ter-Sahakyan, Samvel"]
[Black "Costachi, Mihnea"]
[WhiteFideId "13302531"]
[BlackFideId "1217518"]
[WhiteElo "2573"]
[BlackElo "2443"]
[Result "1-0"]
[Round "11"]
[TimeControl "900+10"]
[Date "2021.12.28"]
[WhiteClock "0:01:52"]
[BlackClock "0:00:51"]

1. e4 e5 2. Nf3 Nc6 3. Bb5 a6 4. Ba4 d6 5. O-O Bd7 6. c3 g6 7. d4 Bg7 8. Re1 Nf6 9. h3 O-O 10. Bc2 Re8 11. Nbd2 Qe7 12. Nf1 Qf8 13. Ng3 Bh6 14. Ng5 Qg7 15. f4 exd4 16. cxd4 Nh5 17. Nxh5 gxh5 18. Be3 Nb4 19. Bb1 f6 20. Qb3+ d5 21. h4 Qf8 22. a3 fxg5 23. hxg5 Bxg5 24. fxg5 Nc6 25. Rf1 Qe7 26. e5 Be6 27. Rf6 Rf8 28. Qd3 Rxf6 29. gxf6 Qf7 30. Bc2 Nd8 31. Bh6 h4 32. Rf1 c5 33. Rf4 Qg6 34. Qxg6+ hxg6 35. Rxh4 cxd4 36. Bg7 Bf5 37. Bxf5 gxf5 38. e6 Nf7 39. exf7+ Kxf7 40. Rh8 d3 41. Kf2 Ra7 42. Ke3 b5 43. Rf8+ Kg6 44. Kxd3 Rc7 45. Bh8 Rc1 46. Rg8+ Kf7 47. Rg7+ Kf8 48. Re7 Rd1+ 49. Kc2 Rg1 50. Bg7+ Kg8 51. Bh6 Rxg2+ 52. Kb3 Rg3+ 53. Ka2 Rg6 54. f7+ 1-0


[Site "http://www.Chess.com"]